 Dungeon Sprint DCSS version 0.29.1-1-gd02db6906a (webtiles) character file.

Game seed: 14187330315998989627

2940 Arandomuser85 the Imperceptible (level 9, -25/87 HPs)
             Began as a Naga Brigand on Oct 4, 2022.
             Killed from afar by an oklob plant (27 damage)
             ... with a splash of acid
             ... in the Dungeon (Sprint I: "Red Sonja").
             The game lasted 00:03:32 (914 turns).

Arandomuser85 the Imperceptible (Naga Brigand)       Turns: 914, Time: 00:03:33

Health: -25/87     AC:  1    Str: 14    XL:     9   Next: 80%
Magic:  9/9        EV: 10    Int: 12    God:
Gold:   844        SH:  0    Dex: 16    Spells: 8/8 levels left

rFire   . . .      SeeInvis +   a - +2 dagger
rCold   . . .      Faith    .   (no shield)
rNeg    . . .      Spirit   .   o - +0 leather armour
rPois   +          Reflect  .   (no helmet)
rElec   .          Harm     .   c - +0 cloak
rCorr   .          Rampage  .   (no gloves)
Will    +....      NoTele   +   (no barding)
Stlth   +++++++++.              (no amulet)
HPRegen 0.24/turn               (no ring)
MPRegen 0.11/turn               (no ring)

@: corroded, very slow
A: AC +3, large, see invisible, deformed body, poison resistance, slowness 2,
spit poison 1, naga tail 1
a: Spit Poison


You were in the Dungeon.
You visited 1 branch You collected 866 gold pieces.
You spent 22 gold pieces at shops.

Inventory:

Hand Weapons
 a - a +2 dagger (weapon)
Missiles
 d - 9 poisoned darts
 e - 7 curare-tipped darts
Armour
 b - a +0 robe
 c - a +0 cloak (worn)
 o - a +0 leather armour (worn)
 r - a +0 plate armour
Jewellery
 m - a ring of protection from cold
Wands
 l - a wand of charming (3)
Scrolls
 k - a scroll of blinking
 n - a scroll of identify {unknown}
 p - a scroll of acquirement {unknown}
Potions
 f - 2 potions of curing
 h - a potion of haste
 i - 2 potions of magic
 j - a potion of ambrosia {unknown}
 q - a potion of mutation {unknown}


   Skills:
 + Level 7.7 Fighting
 + Level 7.6 Short Blades
 + Level 5.9 Throwing
 + Level 2.2 Armour
 + Level 2.4 Dodging
 + Level 26.4 Stealth
 + Level 0.2 Evocations


You had 8 spell levels left.
You didn't know any spells.
Your spell library was empty.

Dungeon Overview and Level Annotations

Branches:
Dungeon (1/1)

Altars:
Cheibriados
Dithmenos
Elyvilon
Fedhas
Gozag
Hepliaklqana
Kikubaaqudgha
Makhleb
Nemelex Xobeh
Okawaru
Qazlal
Ru
Sif Muna
Trog
Uskayaw
Vehumet
Wu Jian
Xom
Yredelemnul
Zin
The Shining One
Jiyva
Lugonu

Shops:
D [*[

Annotations:
D exclusions: oklob plant and 1 more exclusion


Innate Abilities, Weirdness & Mutations

Your serpentine skin is tough. (AC +3)
You have supernaturally acute eyesight. (SInv)
Armour fits poorly on your strangely shaped body.
Your system is resistant to poisons. (rPois)
You cover ground very slowly.
You can spit poison.
You have a snake-like lower body.


Message History

The oklob plant spits acid at you. The splash of acid hits you.
* * * LOW HITPOINT WARNING * * *
You feel better. The oklob plant spits acid at you.
The splash of acid hits you!!
* * * LOW HITPOINT WARNING * * *
The acid corrodes you!
Unknown command.
Aiming: Spit Poison (1% risk of failure)
Press: ? - help, Shift-Dir - straight line, f - oklob plant
Aim: an oklob plant (heavily damaged, 100% to hit)
The splash of poison hits the oklob plant but does no damage.
The oklob plant is heavily damaged.
Unknown command.
You hit the oklob plant but do no damage.
The oklob plant is heavily damaged.
You hit the oklob plant but do no damage.
The oklob plant is heavily damaged.
You hit the oklob plant but do no damage.
The oklob plant is heavily damaged.
The oklob plant spits acid at you. The splash of acid hits you!
* * * LOW HITPOINT WARNING * * *
You hit the oklob plant but do no damage.
The oklob plant is heavily damaged.
You hit the oklob plant but do no damage.
The oklob plant is heavily damaged.
You have got your breath back.
You hit the oklob plant but do no damage.
The oklob plant is heavily damaged.
Unknown command.
Unknown command.
You hit the oklob plant but do no damage.
The oklob plant is heavily damaged.
You hit the oklob plant but do no damage.
The oklob plant is heavily damaged.
The oklob plant spits acid at you. The splash of acid hits you!!
You die...

############
..#.)+..#__#
.)'..#..+..+
#'#####+#__####
..#...#.####§§####
###..##.#~~~§§#.§#
__##+#§.§~~~..'§§#
...'..._#~~§§§#§.#
__##_.#'##+#####@#
__###'#(#)...###P+
#####.####'###.###
...'...'.....+.∩#
####...##########
###.### #.#'#.#
#...).# #.....#


You could see an oklob plant.

Vanquished Creatures
  2 centaur warriors (D)
  Sonja (D)
  A deep troll (D)
  A hornet (D)
  A slime creature (D)
  Sigmund (D)
  A yak (D)
  An ogre (D)
  A jelly (D)
  Ijyb (D)
11 creatures vanquished.

Vanquished Creatures (others)
  2 ballistomycete spores (D)
2 creatures vanquished.

Grand Total: 13 creatures vanquished

Notes
Turn   | Place    | Note
-------+----------+-------------------------------------------
     0 | D        | Arandomuser85 the Naga Brigand began the quest for the Orb.
     0 | D        | Reached XP level 1. HP: 19/19 MP: 1/1
     2 | D        | Noticed Ijyb
     5 | D        | Killed Ijyb
     6 | D        | Reached skill level 9 in Stealth
     6 | D        | Reached XP level 2. HP: 27/27 MP: 2/2
     6 | D        | Reached XP level 3. HP: 33/33 MP: 3/3
    30 | D        | Noticed an ogre
    33 | D        | Killed an ogre
    34 | D        | Reached skill level 1 in Dodging
    34 | D        | Reached skill level 13 in Stealth
    34 | D        | Reached XP level 4. HP: 42/42 MP: 4/4
    45 | D        | Noticed Sigmund
    48 | D        | Killed Sigmund
    49 | D        | Reached skill level 17 in Stealth
    49 | D        | Reached XP level 5. HP: 50/50 MP: 5/5
    49 | D        | Reached XP level 6. HP: 57/57 MP: 6/6
    65 | D        | Found an ornate altar of the Wu Jian Council.
    65 | D        | Found a shimmering blue altar of Sif Muna.
    67 | D        | Found a radiant altar of Vehumet.
    97 | D        | Found Pikucekk's General Store.
    97 | D        | Found an ancient bone altar of Kikubaaqudgha.
    97 | D        | Found a hazy altar of Hepliaklqana.
    97 | D        | Found a stormy altar of Qazlal.
    97 | D        | Found a hide-covered altar of Uskayaw.
    97 | D        | Found a blossoming altar of Fedhas.
    97 | D        | Found a bloodstained altar of Trog.
    97 | D        | Found an iron altar of Okawaru.
    97 | D        | Found a basalt altar of Yredelemnul.
    97 | D        | Found a glowing golden altar of the Shining One.
    97 | D        | Found a snail-covered altar of Cheibriados.
    97 | D        | Found a sacrificial altar of Ru.
    97 | D        | Found a glowing silver altar of Zin.
    97 | D        | Found a shadowy altar of Dithmenos.
    97 | D        | Found a white marble altar of Elyvilon.
    97 | D        | Noticed a yak
    98 | D        | Found an opulent altar of Gozag.
    99 | D        | Killed a yak
   100 | D        | Reached skill level 18 in Stealth
   100 | D        | Reached XP level 7. HP: 66/66 MP: 7/7
   100 | D        | Found a sparkling altar of Nemelex Xobeh.
   104 | D        | Bought a +0 leather armour for 22 gold pieces
   132 | D        | Found a burning altar of Makhleb.
   132 | D        | Found a viscous altar of Jiyva.
   132 | D        | Found a shimmering altar of Xom.
   132 | D        | Found a corrupted altar of Lugonu.
   132 | D        | Noticed a slime creature
   150 | D        | Killed a slime creature
   151 | D        | Reached skill level 5 in Fighting
   151 | D        | Reached skill level 5 in Short Blades
   151 | D        | Reached skill level 20 in Stealth
   422 | D        | Noticed a centaur warrior
   422 | D        | Noticed a centaur warrior
   428 | D        | Killed a centaur warrior
   429 | D        | Reached skill level 5 in Throwing
   429 | D        | Reached skill level 22 in Stealth
   429 | D        | Reached XP level 8. HP: 76/76 MP: 8/8
   429 | D        | Killed a centaur warrior
   430 | D        | Reached skill level 24 in Stealth
   430 | D        | Reached XP level 9. HP: 85/85 MP: 9/9
   453 | D        | Noticed a deep troll
   455 | D        | Killed a deep troll
   456 | D        | Reached skill level 25 in Stealth
   467 | D        | Found Seazasui's Armour Emporium.
   483 | D        | Noticed Sonja
   514 | D        | Killed Sonja
   515 | D        | Reached skill level 26 in Stealth
   552 | D        | Found Jofefavyim's Armour Boutique.
   622 | D        | Noticed a hornet
   625 | D        | Killed a hornet
   636 | D        | Noticed an oklob plant
   909 | D        | HP: 1/87 [oklob plant/splash of acid (10)]
   914 | D        | Killed from afar by an oklob plant

Illustrated notes

Levels and vault maps discovered:
D:        dungeon_sprint_1 [red_sonja_temple_1, red_sonja_temple_small_1]

Skill      XL: |  1  2  3  4  5  6  7  8  9 |
---------------+----------------------------+-----
Throwing       | 2 3 4 5 |  5.9
Stealth        | 9 13 17 18 22 24 26 | 26.4
Fighting       | 3 4 6 7 |  7.7
Short Blades   | 3 4 6 7 |  7.6
Dodging        | 1 2 |  2.4
Armour         | 2 |  2.2
Evocations     | |  0.2

Action                   |  1- 3 |  4- 6 |  7- 9 || total
-------------------------+-------+-------+-------++-------
Melee: Dagger            |     2 |     3 |    74 ||    79
       Punch             |       |       |     3 ||     3
 Abil: Spit Poison       |       |       |     1 ||     1
Evoke: Wand              |       |       |     2 ||     2
  Use: Potion            |       |       |     4 ||     4
 Stab: Sleeping          |     2 |     3 |     4 ||     9
       Confused          |       |       |     1 ||     1
Armor: Leather armour    |       |       |     2 ||     2
Dodge: Dodged            |       |       |     6 ||     6
